Unix NetHack Version 3.7.0-88 Work-in-progress - last build Aug 21 2023 04:08:40 (b68ccb3e4f8f5dcb83e1e40b1ff56e7dffd4cd28,branch:master). Game began 2023-08-31 13:14:03, ended 2023-08-31 13:39:54. MargeBouvier, chaotic female elven Wizard .--- .... .... ..) ... . .G(0 o ...d.- .`d@| .%<.| ..-- G h MargeBouvier the Thaumaturge St:13 Dx:12 Co:10 In:20 Wi:15 Ch:11 Chaotic Dlvl:6 $:374 HP:0(47) Pw:29(82) AC:9 Exp:6 T:3881 Burdened Latest messages: In what direction? The spell hits the gnome! You kill the gnome! The spell hits the gnome! You kill the gnome! Pick an object. d a dog or other canine (wolf) [seen: infravision] What do you want to write with? [- ac-enpsuvyA-CE-GPUY or ?*] You write in the dust with your fingertip. Something is written here in the dust. You read: "Elbereth". There is a partly eaten gnome corpse here; eat it? [ynq] (n) You resume your meal. The wolf turns to flee. The wolf turns to flee. The wolf turns to flee. The hobgoblin wields a curved sword! The hobgoblin turns to flee. You finish eating the gnome corpse. The wolf turns to flee. You have a little trouble lifting H - a food ration (6 in total). The wolf turns to flee. What do you want to eat? [HMSZ or ?*] Never mind. Something is written here in the dust. You read: "Elbereth". You see no objects here. You see here a gnome lord corpse. Pick an object. ( a useful item (pick-axe, key, lamp...) (a partly used candle (lit)) In what direction? The spell misses the wolf. The spell hits the wolf! The wolf bites! In what direction? The spell misses the wolf. The spell hits the wolf! The wolf bites! What do you want to write with? [- ac-enpsuvyA-CE-GPUY or ?*] You write in the dust with your fingertip. The wolf bites! The wolf bites! The wolf bites! The wolf bites! You die... Do you want your possessions identified? [ynq] (y) Do you want to see your attributes? [ynq] (y) Do you want an account of creatures vanquished? [ynaq] (y) Do you want to see your conduct and achievements? [ynq] (y) Do you want to see the dungeon overview? [ynq] (y) Inventory: Coins $ - 374 gold pieces Weapons a - a blessed +1 quarterstaff (weapon in hands) Armor b - an uncursed +0 cloak of magic resistance (being worn) Comestibles Z - an uncursed cram ration H - 6 uncursed food rations S - a cursed food ration M - a cursed tripe ration Scrolls W - an uncursed scroll of amnesia D - an uncursed scroll of enchant armor j - an uncursed scroll of enchant weapon K - 2 uncursed scrolls of enchant weapon r - an uncursed scroll of identify k - an uncursed scroll of light i - an uncursed scroll of scare monster Spellbooks z - an uncursed spellbook of detect treasure l - a blessed spellbook of force bolt Q - an uncursed spellbook of haste self m - an uncursed spellbook of identify o - an uncursed spellbook of levitation Potions L - an uncursed potion of extra healing T - an uncursed potion of fruit juice R - an uncursed potion of healing h - an uncursed potion of invisibility V - an uncursed potion of object detection g - an uncursed potion of restore ability X - an uncursed potion of restore ability f - an uncursed potion of see invisible O - 3 uncursed potions of sleeping Rings d - an uncursed ring of fire resistance (on right hand) p - an uncursed ring of levitation v - an uncursed -1 ring of protection e - an uncursed ring of protection from shape changers Wands s - a wand of digging (0:5) G - a wand of striking (0:8) c - a wand of striking (0:4) Tools I - an uncursed blindfold J - a cursed blindfold x - an uncursed credit card t - an uncursed tin opener w - an uncursed tin whistle n - a cursed towel N - a blessed wax candle q - a cursed wax candle Gems/Stones U - 2 uncursed aquamarine stones B - an uncursed jacinth stone u - an uncursed worthless piece of black glass A - an uncursed worthless piece of blue glass E - 2 uncursed worthless pieces of red glass C - 2 uncursed worthless pieces of violet glass P - an uncursed worthless piece of white glass Y - an uncursed worthless piece of yellow glass y - 2 cursed worthless pieces of yellow glass F - an uncursed worthless piece of yellowish brown glass MargeBouvier the Wizard's attributes: Background: You were a Thaumaturge, a level 6 female elven Wizard. You were chaotic, on a mission for Anhur who was opposed by Ptah (lawful) and Thoth (neutral). You were in the Gnomish Mines, on level 6. You entered the dungeon 3881 turns ago. There was a full moon in effect when your adventure ended. You had 494 experience points, 146 more were needed to attain level 7. Basics: You had 0 out of 47 hit points. You had 29 out of 82 energy points (spell power). Your armor class was 9. Your wallet contained 374 zorkmids. Autopickup was off. Final Characteristics: Your strength was 13 (limit:18). Your dexterity was 12 (limit:18). Your constitution was 10 (limit:16). Your intelligence was 20 (limit:20). Your wisdom was 15 (limit:20). Your charisma was 11 (limit:18). Final Status: You were not hungry. You were burdened; movement was slightly slowed. You were wielding a quarterstaff. You had basic skill with quarterstaff. Final Attributes: You were piously aligned. You were magic-protected. You were fire resistant. Your items were protected from fire. You were sleep resistant. You had infravision. You were warded. You were lucky. You are dead. Miscellaneous: You never encountered a bones level. Total elapsed playing time was 25 minutes and 50 seconds. Major events: Turn 1: MargeBouvier the chaotic female elven Wizard entered the dungeon 603: attained the rank of Conjurer (level 3) 1160: chose an elven dagger to be named "Sting" 2893: entered the Gnomish Mines 3590: attained the rank of Thaumaturge (level 6) 3881: killed by a wolf Vanquished creatures: 2 small mimics a leprechaun a violet fungus 5 gnome leaders a gnomish wizard a gray ooze 2 floating eyes a kitten 3 dwarves a dwarf zombie 2 iguanas a gas spore 2 hobbits 2 large kobolds 2 hobgoblins 2 giant rats a cave spider a brown mold a yellow mold 23 gnomes a garter snake 4 geckos 4 jackals a fox a kobold 2 goblins 2 grid bugs 4 lichens a newt 75 creatures vanquished. No species were genocided or became extinct. Voluntary challenges: You read items or engraved 5 times. You engraved Elbereth 2 times. You never genocided any monsters. You never polymorphed an object. You never changed form. You used no wishes. Achievements: You attained the rank of Conjurer. You entered a shop. You entered the Gnomish Mines. You attained the rank of Thaumaturge. The Dungeons of Doom: levels 1 to 3 Level 1: Some fountains. Level 2: A sink. Level 3: A general store, a fountain. Stairs down to The Gnomish Mines. The Gnomish Mines: levels 4 to 6 Level 4: Level 5: Level 6: <- You were here. Final resting place for you, killed by a wolf. Game over: ---------- / \ / REST \ / IN \ / PEACE \ / \ | MargeBouvier | | 374 Au | | killed by a wolf | | | | | | | | 2023 | *| * * * | * _________)/\\_//(\/(/\)/\//\/|_)_______ Goodbye MargeBouvier the Wizard... You died in The Gnomish Mines on dungeon level 6 with 2573 points, and 374 pieces of gold, after 3881 moves. You were level 6 with a maximum of 47 hit points when you died.